 Dungeon Crawl Stone Soup version 0.30-a0-782-ge64f9170bb (webtiles) character file.

Game seed: 15784630575531370451

126 Greynoma the Grave Robber (level 4, 0/33 HPs)
             Began as a Draconian Necromancer on Mar 14, 2023.
             Was an Initiate of Yredelemnul.
             Slain by an orc wizard
             ... wielding a +2 vampiric dagger
              (3 damage)
             ... on level 2 of the Dungeon.
             The game lasted 00:54:29 (1586 turns).

Greynoma the Grave Robber (Draconian Necromancer)   Turns: 1586, Time: 00:54:30

Health: 0/33       AC:  5    Str: 10    XL:     4   Next: 83%
Magic:  0/8        EV: 12    Int: 18    God:    Yredelemnul [......]
Gold:   95         SH:  0    Dex: 11    Spells: 8/9 levels left

rFire   . . .      SeeInvis .    s - +0 war axe
rCold   . . .      Faith    .    (no shield)
rNeg    . . .      Spirit   .    (body armour unavailable)
rPois   .          Reflect  .    (helmet restricted)
rElec   .          Harm     .    (no cloak)
rCorr   .          Rampage  .    (no gloves)
Will    .....                    (no boots)
Stlth   ++                       l - amulet of regeneration
HPRegen 1.05/turn                (no ring)
MPRegen 0.11/turn                (no ring)

@: no status effects
A: AC +5, unfitting armour, cold-blooded
a: Renounce Religion, Recall Undead Harvest


You were on level 2 of the Dungeon.
You worshipped Yredelemnul.
Yredelemnul was noncommittal.
You visited 1 branch of the dungeon, and saw 3 of its levels.

You collected 95 gold pieces.

Inventory:

Hand Weapons
 b - a +0 whip
 c - a +0 short sword
 d - a +0 great sword
 g - a +0 dagger
 i - a +0 club
 p - a +0 whip
 s - a +0 war axe (weapon)
 t - a +0 dagger
 w - a +0 hand axe
Missiles
 h - 20 stones
Armour
 k - a +0 robe
 r - a +0 ring mail
 u - a +0 robe
 x - a +0 scale mail
Jewellery
 l - an amulet of regeneration (around neck)
Scrolls
 e - 2 scrolls of teleportation {unknown}
 j - a scroll of summoning {unknown}
 m - a scroll of enchant weapon {unknown}
 q - a scroll of blinking {unknown}
 v - a scroll of vulnerability {unknown}
 y - a scroll of identify {unknown}
Potions
 a - 2 potions of magic
 f - a potion of berserk rage {unknown}
 n - a potion of curing {unknown}
 o - a potion of attraction {unknown}


   Skills:
 + Level 1.3(1.4) Axes
 + Level 0.4(1.0) Maces & Flails
 + Level 1.8 Dodging
 + Level 1.7 Stealth
 + Level 3.0 Spellcasting
 + Level 5.2 Necromancy


You had 8 spell levels left.
You knew the following spells:

 Your Spells              Type           Power      Damage    Failure   Level
a - Necrotise             Necr           84%        1d8       1%          1

Your spell library contained the following spells:

 Spells                   Type           Power      Damage    Failure   Level
 Vampiric Draining        Necr           21%        2d7       5%          3
 Slow                     Hex            8%         N/A       16%         1
 Summon Small Mammal      Summ           8%         N/A       16%         1
 Call Canine Familiar     Summ           2%         N/A       43%         3
 Confusing Touch          Hex            2%         N/A       43%         3
 Summon Guardian Golem    Hex/Summ       2%         N/A       43%         3
 Agony                    Necr           21%        N/A       45%         5
 Animate Dead             Necr           Unusable   N/A       N/A         4

Dungeon Overview and Level Annotations

Branches:
Dungeon (3/15)

Altars:
Yredelemnul

Shops:
D:2 (


Innate Abilities, Weirdness & Mutations

Your plain brown scales are hard. (AC +5)
You cannot fit into any form of body armour.
You are cold-blooded and may be slowed by cold attacks.


Message History

Welcome, Greynoma the Draconian Necromancer.
Will you prevail where others failed? Will you find the Orb of Zot?
Press ? for a list of commands and other information.
Found a staircase leading out of the dungeon.
Char dumped successfully.
There is an abandoned shop here.
Welcome back, Greynoma the Draconian Necromancer.
Press ? for a list of commands and other information.
There is an abandoned shop here.
Found 5 stones.
There is an abandoned shop here.
There is an abandoned shop here.
Found a whip.
There is an abandoned shop here.
You see here a +0 whip.
b - a +0 whip
b - a +0 whip (weapon)
There is a fountain of clear blue water here.
There are no items here.
There is a fountain of clear blue water here.
There is a fountain of clear blue water here.
Found a stone staircase leading down.
You see here 5 stones.
Aiming: Necrotise (safe; 1% risk of failure)
Press: ? - help, Q - select action, (/) - cycle Shift-Dir - straight line Something writhes in agony.
You hear some strange, mumbled words.
A puff of flame appears from out of thin air!
The puff of flame hits you!
* * * LOW HITPOINT WARNING * * *
You hit something but do no damage. Something hits you.
* * * LOW HITPOINT WARNING * * *
Something hits you.
You die...
Your body rises from the dead as a mindless zombie.

############ #....#
######. #....######....).
#......♣......... ########
#....#♣.♣###..... #......#
#.....♣.♣♣ #..... #......#
#.)♣..♣..♣ ######
#......###..♣♣.♣♣.♣
#.........{♣.♣##♣.♣#######
#........@.♣.♣♣♣♣.♣.......
#......####♣..♣♣..♣#.#####
#......####♣♣♣.♣.♣##..#
#.........# ♣...♣ ♣♣.#
#......##.♣♣♣♣.∩.♣♣♣.♣#
#......##♣..♣♣...♣...♣
######## ♣♣♣........♣♣
♣♣.8_8..♣♣ ♣♣♣♣♣♣♣♣


There were no monsters in sight!

Vanquished Creatures
  Terence (D:2)
  Jessica (D:2)
  An orc wizard (D:2)
  2 worms (D:2)
  6 orcs
  6 bats
  4 endoplasms
  A giant cockroach (D:2)
  4 hobgoblins (D:1)
  A quokka (D:1)
  A ball python (D:1)
  3 kobolds (D:1)
  3 rats
34 creatures vanquished.

Vanquished Creatures (collateral kills)
  A dart slug (D:2)
  A bat (D:1)
  2 endoplasms (D:1)
  2 goblins (D:1)
  A hobgoblin (D:1)
  A frilled lizard (D:2)
  A rat (D:2)
9 creatures vanquished.

Vanquished Creatures (others)
  A worm zombie (D:2)
  A bat zombie (D:2)
  2 orc zombies
4 creatures vanquished.

Grand Total: 47 creatures vanquished

Notes
Turn   | Place    | Note
-------+----------+-------------------------------------------
     0 | D:1      | Greynoma the Draconian Necromancer began the quest for the
                  | Orb.
     0 | D:1      | Reached XP level 1. HP: 14/14 MP: 3/3
   244 | D:1      | Reached XP level 2. HP: 20/20 MP: 0/5
   753 | D:2      | Found a basalt altar of Yredelemnul.
   759 | D:2      | Became a worshipper of Yredelemnul the Dark
   808 | D:2      | Found a faded altar of an unknown god.
   901 | D:2      | Reached XP level 3. HP: 26/26 MP: 1/6
   969 | D:2      | Found Qyoman's Antique Weapon Shoppe.
  1100 | D:2      | Noticed Jessica
  1112 | D:2      | Killed Jessica
  1113 | D:2      | Reached skill level 1 in Axes
  1113 | D:2      | Reached XP level 4. HP: 25/33 MP: 1/8
  1263 | D:2      | Noticed Terence
  1272 | D:2      | Killed Terence
  1273 | D:2      | Reached skill level 5 in Necromancy
  1380 | D:2      | Reached * piety under Yredelemnul
  1586 | D:2      | Slain by an orc wizard

Illustrated notes

Levels and vault maps discovered:
D:1:      tekkud_arrival_beachfront_property, layout_basic, skrybe_limestone_x
D:2:      layout_rooms, shapermc_ecumenical_altar_totnotflames, basic_altar,
          serial_shops, shop, kennysheep_decorative_pillar, uniq_terence,
          uniq_jessica
D:3:      minmay_octagon_keep, layout_rooms, gammafunk_temple_overflow_pools

Skill      XL: |  1  2  3  4 |
---------------+-------------+-----
Axes           | 1 |  1.3
Spellcasting   | 3 |  3.0
Necromancy     | 5 |  5.2
Maces & Flails | |  0.4
Dodging        | |  1.8
Stealth        | |  1.7

Action                     |  1- 3 |  4- 6 || total
---------------------------+-------+-------++-------
  Melee: Whip              |    14 |       ||    14
         War axe           |     1 |    31 ||    32
         Tailslap          |     1 |     1 ||     2
         Punch             |       |     1 ||     1
  Throw: Stone             |    11 |       ||    11
   Cast: Necrotise         |    52 |    31 ||    83
 Invoke: Recall Undead Har |       |     1 ||     1
 Armour: Skin              |     8 |    26 ||    34
  Dodge: Dodged            |    14 |    35 ||    49

Table legend: (Time is in decaauts)
 A = Elapsed time spent in this place.
 B = Non-inter-level travel time spent in this place.
 C = Inter-level travel time spent in this place.
 D = Time resting spent in this place.
 E = Time spent auto-exploring this place.
 F = Levels seen in this place.
 G = Mean time per level.
                   A        B        C        D        E       F      G
               +--------+--------+--------+--------+--------+-----+--------+
         Total |   1608 |   1588 |     20 |      0 |    516 |   3 |  536.0 |
       Dungeon |   1608 |   1588 |     20 |      0 |    516 |   3 |  536.0 |
               +--------+--------+--------+--------+--------+-----+--------+

Top non-repeatable levels by time:
     D:2: 767 daAuts
     D:1: 753 daAuts
     D:3: 87 daAuts
